AoeStats
← GA | Oink

Arabia

507996387Analyzed
1v1 RM · 10d ago on Sep 20, 2026· 47m 16s· 2 players
Game mode
Random Map
Map size
Tiny (2 player)
Population
200
Speed
Normal
Resources
Standard
Victory
Conquest
Starting age
Dark Age
Ending age
Imperial Age
RankedLock teamsTeams togetherTeam positionsShared explorationLock speedFull tech treeHidden civsTurbo modeCheats
Victory
Defeat
🇬🇧 Muisca · United Kingdom
1051
+15
🇩🇪 Portuguese · Germany
1026
-15
GA | Oink
11:03 Feudal Age
12:29 Loom
17:09 Castle Age
16:43 Double-Bit Axe
21:15 Bow Saw
25:20 Bow Saw
24:54 Horse Collar
30:29 Husbandry
31:31 Forging
31:42 Scale Barding Armor
39:35 Bloodlines
Just Stop Oil
6:58 Loom
9:15 Feudal Age
10:28 Horse Collar
11:40 Champi Runner
16:17 Fletching
23:13 Castle Age
22:30 Double-Bit Axe
26:02 Redemption
26:29 Town Watch
29:10 Sanctity
38:38 Imperial Age
36:45 Wheelbarrow
38:10 Forging
38:35 Squires
38:25 Champi Warrior
39:59 Herbalism
40:23 Conscription
40:06 Champi Warrior
Connection lost

Rejoining the realm…

Still unreachable

The connection could not be restored.

Session expired

The server has moved on; the page needs a fresh start.